 Dungeon Sprint DCSS version 0.17-a0-1528-gfee3901 (webtiles) character file.

135 ztt the Quickloader (level 4, -7/38 HPs)
             Began as a Centaur Hunter on July 15, 2015.
             Killed from afar by a necromancer (19 damage)
             ... with a bolt of cold
             ... in the Dungeon (Sprint III: "The Ten Rune Challenge").
             The game lasted 00:02:32 (1006 turns).

ztt the Quickloader (Centaur Hunter)                Turns: 1006, Time: 00:02:32

Health: -7/38      AC:  4    Str: 16    XL:     4   Next: 97%
Magic:  4/4        EV:  9    Int: 10    God:
Gold:   27         SH:  0    Dex:  9    Spells: 0 memorised, 3 levels left

rFire  . . .     SeeInvis .     a - +1 hand crossbow
rCold  . . .     Clarity  .     d - +0 leather armour
rNeg   . . .     SustAt   .     (no shield)
rPois  .         Gourm    .     (no helmet)
rElec  .         Spirit   .     (no cloak)
rCorr  .         Warding  .     (no gloves)
rMut   .         NoTele   +     (no barding)
MR     .....                    (no amulet)
Stlth  +.........               (no ring)
                                (no ring)

@: very quick, not resistant to hostile enchantments, very unstealthy
A: hooves 3, deformed body, speed 2, tough skin 3
a: no special abilities


You were in the Dungeon.
You were not hungry.

You visited 1 branch You collected 27 gold pieces.

Inventory:

Hand weapons
 a - a +1 hand crossbow (weapon)
 c - a +0 short sword
Missiles
 b - 13 bolts (quivered)
Armour
 d - a +0 leather armour (worn)
Scrolls
 k - a scroll of blinking
 p - 3 scrolls of remove curse
 s - a scroll of holy word
Potions
 f - a potion of curing
 g - a potion of heal wounds
 h - a potion of haste
 i - 2 potions of magic
 j - a potion of berserk rage
 q - 2 potions of cure mutation
 r - 4 potions of flight
Comestibles
 e - 3 bread rations


   Skills:
 * Level 3.5 Fighting
 - Level 10.4 Crossbows
 + Level 1.1 Armour
 + Level 2.2 Dodging
 + Level 1.1 Stealth


You had 3 spell levels left.
You didn't know any spells.

Dungeon Overview and Level Annotations

Branches:
Dungeon (1/1)

Altars:
Cheibriados
Fedhas
Okawaru
Trog
Yredelemnul


Innate Abilities, Weirdness & Mutations

You have hooves in place of feet.
Armour fits poorly on your strangely shaped body.
You cover ground very quickly.
You have extremely tough skin (AC +3).


Message History

Press: ? - help, Shift-Dir - straight line, f/p - necromancer
Aim: a necromancer, wielding a dagger and wearing a robe (severely wounded)
You shoot a bolt.
The bolt closely misses the necromancer.
The bolt hits the necrophage but does no damage.
The necrophage is severely damaged.
A necrophage opens the door.
The necromancer casts a spell at you.
Your body is wracked with pain!
* * * LOW HITPOINT WARNING * * *
Found a spear and a ring mail.
Found an iron altar of Okawaru and a bloodstained altar of Trog. 2 humans come into view.
The human shouts! x2
There is a fountain of clear blue water here.
There is an open door to the Ecumenical Temple here.
The necromancer gestures at you while chanting.
The bolt of cold hits you!
Ouch! That really hurt!
You die...

▓▓▓▓▓▓▓▓▓▓ ▓▓▓ <.#..'...♣♣♣♣
♣.# ####### ..#.!#......♣ ♣.#
__[#__# #'####....♣.♣ ♣.# ..)
/_#
.....#....≈.♣♣♣♣.###+#p###'##
.....#...≈≈♣.♣...#.....((.(.#
.....#..≈≈≈≈.♣♣..'.pn.......#
####)#..≈≈≈≈≈≈♣.@#...######+#
....÷#.≈≈≈≈≈≈....#.⌠.#
.....#.≈≈≈≈≈.....#...#
.....#.≈≈≈.......#+###
'#####...........#
.................#
▓▓▓▓▓▓▓▓▓▓▓▓▓▓▓▓▓▓


You could see a necromancer, a human and a necrophage.

Vanquished Creatures
  A water elemental (D)
  Jessica (D)
  A wolf (D)
  A human (D)
  2 oozes (D)
  A rat (D)
7 creatures vanquished.

Vanquished Creatures (others)
  2 draconian scorchers (D)
  2 yaktaurs (D)
  An electric eel (D)
5 creatures vanquished.

Grand Total: 12 creatures vanquished

Notes
Turn   | Place    | Note
--------------------------------------------------------------
     0 | D        | ztt the Centaur Hunter began the quest for the Orb.
     0 | D        | Reached XP level 1. HP: 17/17 MP: 1/1
     5 | D        | Reached skill level 5 in Crossbows
    10 | D        | Reached skill level 6 in Crossbows
    10 | D        | Reached XP level 2. HP: 22/24 MP: 2/2
    36 | D        | Noticed Jessica
    41 | D        | Killed Jessica
    41 | D        | Reached skill level 7 in Crossbows
    41 | D        | Reached XP level 3. HP: 7/30 MP: 3/3
   145 | D        | Killed a white draconian scorcher
   147 | D        | Killed a white draconian scorcher
   240 | D        | Killed a yaktaur
   298 | D        | Noticed a wolf
   319 | D        | Killed a wolf
   319 | D        | Reached skill level 8 in Crossbows
   487 | D        | Reached skill level 9 in Crossbows
   487 | D        | Reached skill level 1 in Stealth
   487 | D        | Reached XP level 4. HP: 36/38 MP: 4/4
   623 | D        | Killed a yaktaur
   703 | D        | Noticed a water elemental
   725 | D        | Killed a water elemental
   725 | D        | Reached skill level 10 in Crossbows
   725 | D        | Reached skill level 1 in Armour
   947 | D        | Killed an electric eel
   993 | D        | Found a basalt altar of Yredelemnul.
   993 | D        | Found a snail-covered altar of Cheibriados.
   993 | D        | Found a blossoming altar of Fedhas.
   993 | D        | Noticed a necrophage
   993 | D        | Noticed a necromancer
  1001 | D        | Found an iron altar of Okawaru.
  1001 | D        | Found a bloodstained altar of Trog.
  1002 | D        | Noticed a human
  1002 | D        | Noticed a human
  1006 | D        | Killed from afar by a necromancer

Vault maps used:
D:        dungeon_sprint_mu

Action                   |  1- 3 |  4- 6 || total
-------------------------+-------+-------++-------
 Fire: Hand crossbow     |    28 |    11 ||    39
  Use: Scroll            |       |     5 ||     5
